 Dungeon Crawl Stone Soup version 0.29.1-1-gd02db6906a (webtiles) character file.

Game seed: 5931552243404836861

2708 hawla the Destroyer (level 9, -7/68 HPs)
             Began as a Purple Draconian Conjurer on Oct 6, 2022.
             Mangled by a two-headed ogre
             ... wielding a +0 giant club
              (13 damage)
             ... on level 9 of the Dungeon on Oct 7, 2022.
             The game lasted 00:24:13 (8357 turns).

hawla the Destroyer (Purple Draconian Conjurer)     Turns: 8357, Time: 00:24:14

Health: -7/68      AC: 18    Str: 10    XL:     9   Next: 39%
Magic:  1/17       EV: 13    Int: 22    God:
Gold:   334        SH:  0    Dex: 16    Spells: 6/19 levels left

rFire   . . .      SeeInvis +   d - +7 dagger "Samott" {protect, rPois SInv}
rCold   . . .      Faith    .   (no shield)
rNeg    . . .      Spirit   .   (body armour unavailable)
rPois   +          Reflect  .   (helmet restricted)
rElec   .          Harm     .   s - +2 cloak {Will+}
rCorr   .          Rampage  .   a - +0 pair of gloves
Will    ++...                   (no boots)
Stlth   ++........              (no amulet)
HPRegen 0.21/turn               g - +6 ring of dexterity
MPRegen 0.15/turn               u - ring of poison resistance

@: about to teleport, under a protective aura
A: breathe power, AC +7, unfitting armour, cold-blooded
a: Breathe Dispelling Energy


You were on level 9 of the Dungeon.
You visited 2 branches of the dungeon, and saw 10 of its levels.

You collected 334 gold pieces.

Inventory:

Hand Weapons
 d - the +7 dagger "Samott" (weapon) {protect, rPois SInv}
   (You found it on level 5 of the Dungeon)

   It grants its wielder temporary protection when it strikes (+7 to AC).
   rPois:     It protects you from poison.
   SInv:      It lets you see invisible.
 r - a +2 quarterstaff of protection
Missiles
 c - 5 atropa-tipped darts (quivered)
 f - 3 throwing nets
 n - a curare-tipped dart
 p - 6 poisoned darts
Armour
 a - a +0 pair of gloves (worn)
 s - a +2 cloak of willpower (worn)
Magical Staves
 h - a staff of cold
Jewellery
 g - a +6 ring of dexterity (left hand)
 u - a ring of poison resistance (right hand)
 v - a +4 ring of protection
Wands
 i - a wand of flame (5)
 j - a wand of acid (11)
 x - a wand of charming (13)
Scrolls
 b - a scroll of silence {unknown}
 l - a scroll of teleportation
 w - a scroll of identify
Potions
 e - a potion of brilliance {unknown}
 k - a potion of lignification {unknown}
 m - 3 potions of curing
 o - a potion of invisibility
 q - 3 potions of flight {unknown}
 t - a potion of mutation {unknown}


   Skills:
 - Level 2.3 Fighting
 - Level 3.2 Short Blades
 - Level 3.7 Dodging
 - Level 2.2 Stealth
 - Level 5.6 Spellcasting
 - Level 8.7 Conjurations
 - Level 4.5 Translocations
 * Level 2.3 Transmutations
 * Level 2.3 Fire Magic
 - Level 1.5 Ice Magic
 * Level 2.3 Poison Magic
 - Level 1.5 Evocations


You had 6 spell levels left.
You knew the following spells:

 Your Spells              Type           Power      Damage    Failure   Level
a - Magic Dart            Conj           100%       1d8       1%          1
b - Searing Ray           Conj           88%        2d7       1%          2
c - Iskenderun's Mystic   Conj/Tloc      35%        2d8       6%          4
d - Mephitic Cloud        Conj/Pois/Air  22%        N/A       6%          3
e - Ignite Poison         Fire/Tmut/Pois 16%        N/A       11%         3

Your spell library contained the following spells:

 Spells                   Type           Power      Damage    Failure   Level
 Apportation              Tloc           52%        N/A       1%          1
 Dazzling Flash           Conj/Hex       50%        N/A       4%          3
 Gell's Gravitas          Tloc           26%        N/A       4%          3
 Lesser Beckoning         Tloc           26%        N/A       4%          3
 Teleport Other           Tloc           26%        N/A       4%          3
 Necrotise                Necr           24%        1d5       10%         1
 Summon Small Mammal      Summ           24%        N/A       10%         1
 Portal Projectile        Hex/Tloc       32%        N/A       11%         3
 Fulminant Prism          Conj/Hex       12%        3d9       16%         4
 Confusing Touch          Hex            6%         N/A       28%         3
 Tukima's Dance           Hex            6%         N/A       28%         3
 Freezing Cloud           Conj/Ice/Air   10%        6-21      54%         5
 Blade Hands              Tmut           8%         N/A       69%         5
 Yara's Violent Unravell  Hex/Tmut       5%         3d4       85%         5
 Enfeeble                 Hex            3%         N/A       100%        7


Dungeon Overview and Level Annotations

Branches:
Dungeon (9/15)             Temple (1/1) D:5             Orc (0/2) D:9
   Lair: D:8-11

Altars:
Ashenzari
Cheibriados
Dithmenos
Fedhas
Gozag
Hepliaklqana
Kikubaaqudgha
Makhleb
Nemelex Xobeh
Ru
Sif Muna
Uskayaw
Wu Jian
Xom
Yredelemnul
Zin
The Shining One

Shops:
D:1 ?   D:2 [   D:7 :

Portals:
Abyss: D:6

Annotations:
D:6 2 transporters, SprigganGuy's ghost, novice SpHu
D:7 2 transporters, GigaChad's ghost, novice DECj


Innate Abilities, Weirdness & Mutations

You can breathe bolts of dispelling energy.
Your rich purple scales are hard. (AC +7)
You cannot fit into any form of body armour.
You are cold-blooded and may be slowed by cold attacks.


Message History

The wyvern closely misses you.
You hit the wyvern.
Your weapon exudes an aura of protection.
Your punch misses the wyvern.
The wyvern is lightly wounded.
The wyvern bites you!
Casting: Searing Ray (safe; 1% risk of failure)
Confirm with . or Enter, or press ? or * to list all spells.
You erupt in a blast of force!
The mystic blast hits the two-headed ogre!
The two-headed ogre is lightly wounded.
The two-headed ogre is knocked back by the mystic blast.
The two-headed ogre slams into the rock wall!
The two-headed ogre is moderately wounded.
The mystic blast hits the wyvern.
The wyvern is moderately wounded.
The wyvern is knocked back by the mystic blast.
The two-headed ogre hits you with a +0 giant club!
* * * LOW HITPOINT WARNING * * *
The two-headed ogre barely misses you.
As you read the scroll of teleportation, it crumbles to dust.
You feel strangely unstable.
Casting: Iskenderun's Mystic Blast (dangerous; 6% risk of failure)
Confirm with . or Enter, or press ? or * to list all spells.
You erupt in a blast of force!
The mystic blast hits the two-headed ogre!
The two-headed ogre is heavily wounded.
The mystic blast hits the wyvern!
The wyvern is severely wounded.
The wyvern closely misses you.
The two-headed ogre closely misses you. x2
The wyvern bites you.
* * * LOW HITPOINT WARNING * * *
You puncture the wyvern!
Your weapon exudes an aura of protection.
You kill the wyvern!
Your Fire Magic skill increases to level 2!
Your Poison Magic skill increases to level 2!
The two-headed ogre attacks as you move away!
The two-headed ogre hits you with a +0 giant club!
You die...

,,.......* #........'.#### #.
,,.......#######........#....###.
,,.......#.....'........####.....
,,........O#####........# #####.
,,.......### #.O(.....# #.
,,.......* #........# #.
,,.......* ######'### #.
**####.##* #.O....# #. ***#.*
#@###### ## **,,.,** *#†#*******
* **,,##,,* *...,,,,,,* #
,8,,,,*+**** #....,,,,,* #
,,,,,,,,,,,***#.....,,,,* #
,,,,8,,,,,,+,*#......,,,***
,,,,,,,,,,,*,*#.......,,+,***** *
,,,,,,,,,,,*,*#........,*,*,,,***
,∩,,,8,,,,,*,**,,,,,,,,,*,,,*,,,,


You could see a two-headed ogre.

Vanquished Creatures
  Grinder (D:5)
  A wyvern (D:9)
  A steam dragon (D:8)
  Menkaure (D:6)
  A water moccasin (D:5)
  An ice beast (D:7)
  3 ogres
  A kobold brigand (D:6)
  3 scorpions (D:4)
  A necrophage (D:4)
  8 wights
  A killer bee (D:9)
  2 electric eels (D:8)
  2 howler monkeys (D:7)
  A hound (D:4)
  6 orc priests
  Crazy Yiuf (D:5)
  6 iguanas
  3 orc wizards
  7 gnolls
  8 adders
  A shadow imp (D:7)
  2 white imps (D:7)
  2 worms
  A dart slug (D:4)
  19 orcs
  10 ball pythons
  4 bats
  6 endoplasms
  2 giant cockroaches (D:2)
  4 goblins
  10 hobgoblins
  5 jackals
  5 quokkas
  10 frilled lizards
  8 kobolds
  9 rats
157 creatures vanquished.

Vanquished Creatures (others)
  10 plants
10 creatures vanquished.

Grand Total: 167 creatures vanquished

Notes
Turn   | Place    | Note
-------+----------+-------------------------------------------
     0 | D:1      | hawla the Draconian Conjurer began the quest for the Orb.
     0 | D:1      | Reached XP level 1. HP: 14/14 MP: 3/3
   190 | D:1      | Found a faded altar of an unknown god.
   272 | D:1      | Reached XP level 2. HP: 20/20 MP: 1/5
   275 | D:1      | Learned a level 2 spell: Searing Ray
   366 | D:1      | Found Opomoxt's Magic Scroll Boutique.
  1105 | D:2      | Reached XP level 3. HP: 26/26 MP: 0/6
  1215 | D:2      | Found Yhot's Antique Armour Emporium.
  1723 | D:2      | Identified the +7 sling of Qazlal, Flying {vorpal, rN+
                  | Dex+4}
  2239 | D:3      | Reached XP level 4. HP: 33/33 MP: 5/8
  2244 | D:3      | Learned a level 4 spell: Iskenderun's Mystic Blast
  2464 | D:3      | Reached skill level 5 in Conjurations
  3156 | D:4      | Reached skill level 1 in Translocations
  3176 | D:4      | Reached XP level 5. HP: 6/38 MP: 3/9
  3489 | D:4      | Reached skill level 6 in Conjurations
  3792 | D:4      | Reached XP level 6. HP: 45/45 MP: 1/10
  4367 | D:4      | Identified the +3 leather armour of Resonance {Rampage
                  | *Corrode rN+ Int+5}
  4379 | D:4      | Found a hide-covered altar of Uskayaw.
  4495 | D:4      | Reached skill level 7 in Conjurations
  4559 | D:4      | Your scales start taking on a rich purple colour.
  4559 | D:4      | Reached XP level 7. HP: 50/50 MP: 3/11
  4661 | D:5      | Entered Level 5 of the Dungeon
  4677 | D:5      | Identified the +7 dagger "Samott" {protect, rPois SInv}
  4679 | D:5      | Found an ancient bone altar of Kikubaaqudgha.
  4898 | D:5      | Found a staircase to the Ecumenical Temple.
  4909 | Temple   | Entered the Ecumenical Temple
  5145 | D:5      | Noticed Grinder
  5238 | D:5      | Killed Grinder
  5481 | D:5      | Reached skill level 1 in Ice Magic
  5481 | D:5      | Reached skill level 1 in Evocations
  5550 | D:5      | Reached XP level 8. HP: 58/58 MP: 6/14
  5807 | D:5      | Found a runed translucent door.
  5808 | D:5      | Noticed Crazy Yiuf
  5814 | D:5      | Killed Crazy Yiuf
  5928 | D:6      | Reached skill level 1 in Fighting
  5928 | D:6      | Reached skill level 8 in Conjurations
  5990 | D:6      | Noticed Menkaure
  5999 | D:6      | Killed Menkaure
  6170 | D:6      | Reached skill level 1 in Short Blades
  6170 | D:6      | Reached skill level 5 in Spellcasting
  6227 | D:6      | Found a one-way gate to the infinite horrors of the Abyss.
  6227 | D:6      | Noticed SprigganGuy's ghost (novice SpHu)
  6280 | D:6      | Noticed an ancient zyme
  6282 | D:6      | Found a transporter.
  6319 | D:6      | Noticed an ancient zyme
  6327 | D:6      | Found a transporter.
  6753 | D:6      | Learned a level 3 spell: Mephitic Cloud
  7188 | D:7      | Found a transporter.
  7195 | D:7      | Noticed GigaChad's ghost (novice DECj)
  7440 | D:7      | Reached XP level 9. HP: 64/67 MP: 4/17
  7728 | D:7      | Found Wyidd's Tremendous Tomes.
  7801 | D:7      | Found a glowing golden altar of the Shining One.
  7842 | D:7      | Found a transporter.
  7937 | D:7      | Found a sparkling altar of Nemelex Xobeh.
  7937 | D:7      | Found a faded altar of an unknown god.
  7945 | D:7      | Found a shimmering blue altar of Sif Muna.
  7948 | D:7      | Found a faded altar of an unknown god.
  7950 | D:7      | Found a burning altar of Makhleb.
  8042 | D:7      | Learned a level 3 spell: Ignite Poison
  8049 | D:8      | Reached skill level 1 in Transmutations
  8049 | D:8      | Reached skill level 1 in Fire Magic
  8049 | D:8      | Reached skill level 1 in Poison Magic
  8311 | D:9      | Noticed a two-headed ogre
  8357 | D:9      | Mangled by a two-headed ogre

Illustrated notes

Levels and vault maps discovered:
D:1:      dpeg_arrival_pits, layout_loops_ring, serial_shops, shop,
          shapermc_ecumenical_altar_pompeii
D:2:      layout_rooms, serial_shops, shop
D:3:      layout_basic, nicolae_overflow_hidden_temple, minmay_stone_trees_small
D:4:      layout_rooms, nicolae_uskayaw_suspiria
D:5:      layout_rooms, mainiacjoe_overflow_chevrons, minmay_temple_entry_wispy,
          uniq_grinder, uniq_crazy_yiuf_cottage
D:6:      layout_basic, portal_sewer_entry_d, gammafunk_ghost_abyssal_escape,
          minmay_lizard_king, uniq_menkaure
D:7:      layout_rooms, tso_altar, chequers_temple_overflow_minitemple,
          gammafunk_ghost_gnarly_gnolls, nicolae_shop_i_like_big_books,
          minivault_4, nicolae_concentric_dashed_squares_wild,
          grunt_ministairs_3
D:8:      layout_basic, chequers_garden, hangedman_glass_teeth,
          kennysheep_small_circle
D:9:      layout_roguey, elyvilon_altar_1, lemuel_tele_altar, erik_orc_1,
          enter_bailey_6
Temple:   chequers_temple_sunken

Skill      XL: |  1  2  3  4  5  6  7  8  9 |
---------------+----------------------------+-----
Stealth        | 2 |  2.2
Conjurations   | 5 6 7 8 |  8.7
Translocations | 1 2 3 4 |  4.5
Spellcasting   | 3 4 5 |  5.6
Dodging        | 2 3 |  3.7
Ice Magic      | 1 |  1.5
Evocations     | 1 |  1.5
Fighting       | 2 |  2.3
Short Blades   | 3 |  3.2
Transmutations | 2 |  2.3
Fire Magic     | 2 |  2.3
Poison Magic   | 2 |  2.3

Action                   |  1- 3 |  4- 6 |  7- 9 || total
-------------------------+-------+-------+-------++-------
Melee: Unarmed           |     8 |       |       ||     8
       Tailslap          |     1 |     4 |    14 ||    19
       Staff             |       |    25 |     7 ||    32
       Dagger            |       |       |   108 ||   108
 Cast: Magic Dart        |    53 |    38 |    18 ||   109
       Searing Ray       |    12 |    23 |    30 ||    65
       Iskenderun's Myst |       |       |    22 ||    22
  Use: Scroll            |     5 |     1 |    10 ||    16
       Potion            |       |     5 |     1 ||     6
Armor: Skin              |    11 |    17 |    61 ||    89
Dodge: Dodged            |    19 |    36 |   102 ||   157
